Canucks vs Sharks
(R1)
Created - 3 novembre 2012 at 21:15
Simulating a Pre-Season
Goals
|
Canucks |
0 |
3 |
2 |
5 |
Sharks |
3 |
2 |
1 |
6 |
|
Shots
|
Canucks |
6 |
16 |
10 |
32 |
Sharks |
13 |
11 |
6 |
30 |
|
1st period
1. Sharks , Daniel Sedin 3 (Georges Laraque) at 13:39
2. Sharks , Daniel Sedin 4 (Henrik Sedin) at 13:57
3. Sharks , Mike Fisher 1 (Tomas Fleischmann, Radim Vrbata) at 18:26
Penalties :
Bates Battaglia (SJS) for Tripping (Minor) at 6:46, Vitaly Vishnevsky (SJS) for Holding Stick (Minor) at 10:47, Henrik Sedin (SJS) for Holding (Minor) at 14:16
2nd period
4. Canucks , Jiri Hudler 1 (Sheldon Keefe, Jeff Woywitka) at 3:05
5. Canucks , Jiri Hudler 2 (David Jones, Mike McKenna) at 5:06 (SH)
6. Sharks , Joni Pitkanen 2 (Daniel Sedin) at 11:16
7. Sharks , Joni Pitkanen 3 (Henrik Sedin, Daniel Sedin) at 11:37
8. Canucks , Chris Higgins 2 (Derian Hatcher, Sheldon Keefe) at 15:02
Penalties :
Derian Hatcher (Van) for Hooking (Minor) at 0:34, Derian Hatcher (Van) for Tripping (Minor) at 3:43, Georges Laraque (SJS) for Fighting (Major) at 11:27, Mark Streit (Van) for Fighting (Major) at 11:27, Ryan Malone (SJS) for High sticking (Minor) at 18:07
3rd period
9. Canucks , Daniel Paille 1 (Chris Campoli, Rickard Wallin) at 1:26
10. Sharks , Bates Battaglia 3 (Adam Mair, Joni Pitkanen) at 12:28
11. Canucks , Daniel Paille 2 (Rickard Wallin, Adam Burish) at 18:12
Penalties :
Henrik Sedin (SJS) for High sticking (Minor) at 2:05, Joni Pitkanen (SJS) for Hooking (Minor) at 7:32, Jiri Hudler (Van) for Hooking (Minor) at 12:29, Chris Higgins (Van) for Holding (Minor) at 15:57
Goalie Stats
Antero Niittymaki (Van), 12 saves from 14 shots - (0,857), L, 0-1-0, 28:08 minutes
Mike McKenna (Van), 12 saves from 16 shots - (0,750), 31:16 minutes
Martin Biron (SJS), 27 saves from 32 shots - (0,844), W, 3-0-0, 60:00 minutes
Players Stats for Canucks
Player Name G A P +/- PIM S H SB GA TA FO MP PP MP PK MP
------------------------------------------------------------------------------------
Adam Burish 0 1 1 0 0 2 2 0 0 1 0/0 12:07 0:05 0:00
Chris Campoli 0 1 1 0 0 0 0 0 0 1 0/0 10:36 0:05 2:30
Chris Higgins 1 0 1 1 2 2 1 0 0 1 1/2 17:49 5:20 0:40
Clarke MacArthur 0 0 0 -2 0 5 1 4 1 0 5/8 27:12 6:29 4:22
Daniel Paille 2 0 2 0 0 5 0 0 1 2 0/0 11:59 0:00 0:03
David Jones 0 1 1 -2 0 1 3 0 0 0 0/0 22:55 6:29 2:14
Dennis Seidenberg 0 0 0 1 0 0 0 0 0 0 0/0 2:10 0:00 0:00
Derian Hatcher 0 1 1 -2 4 2 1 2 0 0 0/0 27:20 7:04 2:17
Erik Christensen 0 0 0 1 0 0 0 0 0 0 0/0 4:32 0:00 2:15
Janne Niskala 0 0 0 1 0 0 0 0 0 0 0/0 2:36 0:00 0:06
Jeff Woywitka 0 1 1 0 0 0 0 1 0 0 0/0 10:08 0:00 0:00
Jiri Hudler 2 0 2 0 2 7 1 0 0 0 7/16 18:44 5:20 1:35
Joe Callahan 0 0 0 0 0 2 0 1 1 1 0/0 19:54 4:50 3:03
Kurtis Foster 0 0 0 0 0 2 1 2 0 1 0/0 19:54 4:50 3:03
Mark Streit 0 0 0 -2 5 1 1 0 1 0 0/0 27:47 7:04 4:53
Matt Stajan 0 0 0 -2 0 0 1 0 1 3 14/36 27:30 6:29 4:43
Rickard Wallin 0 2 2 0 0 2 2 0 1 0 6/8 12:17 0:05 0:00
Sheldon Keefe 0 2 2 0 0 1 1 0 0 0 1/1 16:29 5:20 0:00
Players Stats for Sharks
Player Name G A P +/- PIM S H SB GA TA FO MP PP MP PK MP
------------------------------------------------------------------------------------
Adam Mair 0 1 1 -1 0 1 2 0 0 0 3/4 8:56 0:00 2:18
Bates Battaglia 1 0 1 -1 2 1 0 0 0 0 2/3 9:23 0:00 3:12
Dan Girardi 0 0 0 -3 0 2 0 0 1 0 0/0 16:06 4:53 0:16
Daniel Sedin 2 2 4 1 0 6 0 1 2 1 0/1 24:55 4:27 6:46
David Hale 0 0 0 -1 0 0 0 1 0 0 0/0 12:34 0:21 2:18
Georges Laraque 0 1 1 0 5 1 2 0 0 0 1/2 13:41 4:27 0:00
Henrik Sedin 0 2 2 1 4 3 1 0 5 1 25/39 22:43 4:27 4:28
Joni Pitkanen 2 1 3 3 2 4 2 0 0 0 0/0 28:26 4:32 5:56
Mike Fisher 1 0 1 1 0 4 3 0 0 1 3/9 15:13 0:00 3:22
Mike Johnson 0 0 0 -1 0 0 0 0 0 0 0/1 5:26 0:00 0:00
Mike Komisarek 0 0 0 4 0 0 1 0 1 2 0/0 28:32 3:03 7:20
Mikko Koivu 0 0 0 1 0 1 1 0 0 1 2/10 14:29 3:29 0:00
Milan Hejduk 0 0 0 1 0 0 1 0 0 0 1/2 15:08 3:29 0:00
Radim Vrbata 0 1 1 0 0 1 0 0 0 0 0/0 9:23 0:00 0:00
Robyn Regehr 0 0 0 0 0 0 2 0 0 0 0/0 14:43 0:00 4:18
Ryan Malone 0 0 0 1 2 4 3 0 1 0 0/0 18:24 3:29 3:16
Tomas Fleischmann 0 1 1 0 0 0 0 0 0 0 0/0 9:49 0:00 0:26
Vitaly Vishnevsky 0 0 0 -1 2 2 0 1 0 0 0/0 20:08 3:03 3:40
3 Stars
1 - Daniel Sedin (SJS)
2 - Joni Pitkanen (SJS)
3 - Daniel Paille (Van)
Power Play
Canucks - 0 on 6 Attempt(s) - 0,00%
Sharks - 0 on 4 Attempt(s) - 0,00%
Penalty Kill
Canucks - 4 on 4 Attempt(s) - 100,00%
- Score 1 goal in Penalty Kill
Sharks - 6 on 6 Attempt(s) - 100,00%
- Score 0 goal in Penalty Kill
Official
Referees : Walsh Ian and Hasenfratz Mike
Linesman : Derek Amell and Steve Miller
Game Notes
Antero Niittymaki enters game at 11:16 of 2nd period
Georges Laraque and Mark Streit fight to a draw at 11:27 of 2nd period
Canucks
5 vs 5 Forward
Center Left Wing Right Wing Time % Phy DF OF
1 Matt Stajan Clarke MacArthur David Jones 40 1 2 2
2 Jiri Hudler Chris Higgins Sheldon Keefe 30 1 2 2
3 Rickard Wallin Daniel Paille Adam Burish 20 1 2 2
4 Erik Christensen Clarke MacArthur Matt Stajan 10 1 2 2
5 vs 5 Defense
Defense Defense Time % Phy DF OF
1 Mark Streit Derian Hatcher 40 1 2 2
2 Kurtis Foster Joe Callahan 30 1 2 2
3 Jeff Woywitka Chris Campoli 20 1 2 2
4 Janne Niskala Dennis Seidenberg 10 1 2 2
PowerPlay Forward
Center Left Wing Right Wing Time % Phy DF OF
1 Matt Stajan Clarke MacArthur David Jones 60 1 2 2
2 Jiri Hudler Chris Higgins Sheldon Keefe 40 1 2 2
PowerPlay Defense
Defense Defense Time % Phy DF OF
1 Mark Streit Derian Hatcher 60 1 2 2
2 Kurtis Foster Joe Callahan 40 1 2 2
Penalty Kill 4 Players Forward
Center Wing Time % Phy DF OF
1 Clarke MacArthur Matt Stajan 60 1 2 2
2 Jiri Hudler David Jones 40 1 2 2
Penalty Kill 4 Players Defense
Defense Defense Time % Phy DF OF
1 Mark Streit Derian Hatcher 60 1 2 2
2 Kurtis Foster Joe Callahan 40 1 2 2
Penalty Kill - 3 Players Forward
Forward Time % Phy DF OF
1 Clarke MacArthur 60 1 2 2
2 Matt Stajan 40 1 2 2
Penalty Kill - 3 Players Defense
Defense Defense Time % Phy DF OF
1 Mark Streit Derian Hatcher 60 1 2 2
2 Kurtis Foster Joe Callahan 40 1 2 2
4 vs 4 Forward
Center Wing Time % Phy DF OF
1 Clarke MacArthur Matt Stajan 60 1 2 2
2 Jiri Hudler David Jones 40 1 2 2
4 vs 4 Defense
Defense Defense Time % Phy DF OF
1 Mark Streit Derian Hatcher 60 1 2 2
2 Kurtis Foster Joe Callahan 40 1 2 2
Last Minutes Offensive
Center Left Wing Right Wing Defense Defense
Matt Stajan Clarke MacArthur David Jones Mark Streit Derian Hatcher
Last Minutes Defensive
Center Left Wing Right Wing Defense Defense
Matt Stajan Clarke MacArthur David Jones Mark Streit Derian Hatcher
Goaltenders
Starting : Mike McKenna
Backup : Antero Niittymaki
Extra Forwards
Normal : Rickard Wallin, Adam Burish, Erik Christensen - PP : Rickard Wallin, Adam Burish - PK : Erik Christensen
Extra Defensemen
Normal : Jeff Woywitka, Chris Campoli, Janne Niskala - PP : Jeff Woywitka - PK : Chris Campoli, Janne Niskala
Penalty Shots
Clarke MacArthur, Matt Stajan, Jiri Hudler, David Jones, Rickard Wallin
Sharks
5 vs 5 Forward
Center Left Wing Right Wing Time % Phy DF OF
1 Henrik Sedin Daniel Sedin Georges Laraque 40 1 2 2
2 Mikko Koivu Ryan Malone Milan Hejduk 30 1 2 2
3 Mike Fisher Tomas Fleischmann Radim Vrbata 20 1 2 2
4 Adam Mair Bates Battaglia Mike Johnson 10 1 2 2
5 vs 5 Defense
Defense Defense Time % Phy DF OF
1 Joni Pitkanen Mike Komisarek 40 1 2 2
2 Dan Girardi Vitaly Vishnevsky 30 1 2 2
3 Robyn Regehr David Hale 20 1 2 2
4 Joni Pitkanen Mike Komisarek 10 1 2 2
PowerPlay Forward
Center Left Wing Right Wing Time % Phy DF OF
1 Henrik Sedin Daniel Sedin Georges Laraque 60 1 2 2
2 Mikko Koivu Ryan Malone Milan Hejduk 40 1 2 2
PowerPlay Defense
Defense Defense Time % Phy DF OF
1 Joni Pitkanen Dan Girardi 60 1 2 2
2 Vitaly Vishnevsky Mike Komisarek 40 1 2 2
Penalty Kill 4 Players Forward
Center Wing Time % Phy DF OF
1 Henrik Sedin Daniel Sedin 60 1 2 2
2 Mike Fisher Ryan Malone 40 1 2 2
Penalty Kill 4 Players Defense
Defense Defense Time % Phy DF OF
1 Joni Pitkanen Mike Komisarek 60 1 2 2
2 Robyn Regehr Vitaly Vishnevsky 40 1 2 2
Penalty Kill - 3 Players Forward
Forward Time % Phy DF OF
1 Henrik Sedin 60 1 2 2
2 Daniel Sedin 40 1 2 2
Penalty Kill - 3 Players Defense
Defense Defense Time % Phy DF OF
1 Joni Pitkanen Mike Komisarek 60 1 2 2
2 Robyn Regehr Vitaly Vishnevsky 40 1 2 2
4 vs 4 Forward
Center Wing Time % Phy DF OF
1 Henrik Sedin Daniel Sedin 60 1 2 2
2 Mikko Koivu Milan Hejduk 40 1 2 2
4 vs 4 Defense
Defense Defense Time % Phy DF OF
1 Joni Pitkanen Dan Girardi 60 1 2 2
2 Vitaly Vishnevsky Mike Komisarek 40 1 2 2
Last Minutes Offensive
Center Left Wing Right Wing Defense Defense
Henrik Sedin Daniel Sedin Milan Hejduk Joni Pitkanen Vitaly Vishnevsky
Last Minutes Defensive
Center Left Wing Right Wing Defense Defense
Henrik Sedin Daniel Sedin Milan Hejduk Joni Pitkanen Vitaly Vishnevsky
Goaltenders
Starting : Martin Biron
Backup : Pascal Leclaire
Extra Forwards
Normal : Mike Fisher, Radim Vrbata, Bates Battaglia - PP : Mike Fisher, Radim Vrbata - PK : Bates Battaglia
Extra Defensemen
Normal : Dan Girardi, David Hale, Robyn Regehr - PP : Dan Girardi - PK : David Hale, Robyn Regehr
Penalty Shots
Henrik Sedin, Daniel Sedin, Milan Hejduk, Georges Laraque, Mikko Koivu
% Time on Ice - Canucks
Lines # - Real PCT - Wanted PCT - Time Play
Normal Forward
1 - 36% - 40% - 13:58
2 - 29% - 30% - 11:14
3 - 31% - 20% - 11:56
4 - 5% - 10% - 1:57
Normal Defense
1 - 44% - 40% - 17:07
2 - 31% - 30% - 12:01
3 - 20% - 20% - 7:47
4 - 6% - 10% - 2:10
PP Forward
1 - 55% - 60% - 6:34
2 - 45% - 40% - 5:20
PP Defense
1 - 59% - 60% - 7:04
2 - 41% - 40% - 4:50
PK Forward
1 - 72% - 60% - 5:42
2 - 28% - 40% - 2:14
PK Defense
1 - 62% - 60% - 4:53
2 - 38% - 40% - 3:03
PK3 Forward
1 - 0% - 60%
2 - 0% - 40%
PK3 Defense
1 - 0% - 60%
2 - 0% - 40%
44 Forward
1 - 0% - 60%
2 - 0% - 40%
44 Defense
1 - 0% - 60%
2 - 0% - 40%
Last Minute Offensive - 1:05
Last Minute Defensive - 0:00
Total
Forward - 60:00
Defense - 60:00
|
% Time on Ice - Sharks
Lines # - Real PCT - Wanted PCT - Time Play
Normal Forward
1 - 33% - 40% - 13:03
2 - 29% - 30% - 11:39
3 - 24% - 20% - 9:23
4 - 14% - 10% - 5:26
Normal Defense
1 - 46% - 40% - 18:08
2 - 33% - 30% - 13:02
3 - 19% - 20% - 7:25
4 - 2% - 10% - 0:56
PP Forward
1 - 56% - 60% - 4:27
2 - 44% - 40% - 3:29
PP Defense
1 - 62% - 60% - 4:53
2 - 38% - 40% - 3:03
PK Forward
1 - 72% - 60% - 8:32
2 - 28% - 40% - 3:22
PK Defense
1 - 64% - 60% - 7:36
2 - 36% - 40% - 4:18
PK3 Forward
1 - 0% - 60%
2 - 0% - 40%
PK3 Defense
1 - 0% - 60%
2 - 0% - 40%
44 Forward
1 - 0% - 60%
2 - 0% - 40%
44 Defense
1 - 0% - 60%
2 - 0% - 40%
Last Minute Offensive - 0:00
Last Minute Defensive - 0:39
Total
Forward - 60:00
Defense - 60:00
|
Play by Play
1st period
0:01 of 1st period - Matt Stajan wins face-off versus Henrik Sedin in neutral zone.
0:26 of 1st period - Jiri Hudler is hit by Milan Hejduk and loses puck.
0:35 of 1st period - Snap shot by Jiri Hudler.
0:35 of 1st period - Stopped by Martin Biron without a rebound.
0:36 of 1st period - Rickard Wallin wins face-off versus Mike Fisher in Sharks zone.
0:43 of 1st period - Backhand shot by Daniel Paille.
0:43 of 1st period - Stopped by Martin Biron with a rebound.
0:45 of 1st period - Slapshot by Kurtis Foster.
0:45 of 1st period - Deflect By Vitaly Vishnevsky.
0:45 of 1st period - Stopped by Martin Biron without a rebound.
0:46 of 1st period - Rickard Wallin wins face-off versus Mike Fisher in Sharks zone.
1:19 of 1st period - Slapshot by Kurtis Foster.
1:19 of 1st period - Stopped by Martin Biron with a rebound.
1:55 of 1st period - Icing by Dan Girardi.
1:56 of 1st period - Matt Stajan wins face-off versus Mike Fisher in Sharks zone.
2:11 of 1st period - Snap shot by David Jones.
2:11 of 1st period - Stopped by Martin Biron without a rebound.
2:12 of 1st period - Henrik Sedin wins face-off versus Jiri Hudler in Sharks zone.
3:47 of 1st period - Off-side.
3:48 of 1st period - Henrik Sedin wins face-off versus Chris Higgins in neutral zone.
3:57 of 1st period - Snap shot by Daniel Sedin.
3:57 of 1st period - Stopped by Mike McKenna with a rebound.
3:59 of 1st period - Backhand shot by Henrik Sedin.
3:59 of 1st period - Shot Hit the Post.
4:01 of 1st period - Slapshot by Mike Komisarek.
4:01 of 1st period - Shot Misses the Net.
4:03 of 1st period - Snap shot by Joni Pitkanen.
4:03 of 1st period - Shot Misses the Net.
4:15 of 1st period - Matt Stajan is hit by Mikko Koivu.
4:42 of 1st period - Joe Callahan is hit by Adam Mair and loses puck.
5:29 of 1st period - Snap shot by Ryan Malone.
5:29 of 1st period - Stopped by Mike McKenna with a rebound.
5:31 of 1st period - Snap shot by Ryan Malone.
5:31 of 1st period - Shot Misses the Net.
5:33 of 1st period - Wrist shot by Ryan Malone.
5:33 of 1st period - Shot Misses the Net.
6:46 of 1st period - Minor Penalty to Bates Battaglia for Tripping.
6:47 of 1st period - Henrik Sedin wins face-off versus Matt Stajan in Sharks zone.
8:13 of 1st period - Chris Higgins is hit by Ryan Malone and loses puck.
8:46 of 1st period - Penalty to Bates Battaglia is over, Bates Battaglia is back on ice.
9:49 of 1st period - Snap shot by Ryan Malone.
9:49 of 1st period - Stopped by Mike McKenna without a rebound.
9:50 of 1st period - Sheldon Keefe wins face-off versus Mikko Koivu in Canucks zone.
10:33 of 1st period - Wrist shot by Mike Fisher.
10:33 of 1st period - Shot Blocked by Clarke MacArthur.
10:35 of 1st period - Snap shot by Radim Vrbata.
10:35 of 1st period - Stopped by Mike McKenna without a rebound.
10:36 of 1st period - Matt Stajan wins face-off versus Mike Fisher in Canucks zone.
10:36 of 1st period - Matt Stajan is hit by Mike Fisher.
10:47 of 1st period - Minor Penalty to Vitaly Vishnevsky for Holding Stick.
10:48 of 1st period - Henrik Sedin wins face-off versus Matt Stajan in Sharks zone.
11:28 of 1st period - Robyn Regehr is hit by Sheldon Keefe.
12:47 of 1st period - Penalty to Vitaly Vishnevsky is over, Vitaly Vishnevsky is back on ice.
13:11 of 1st period - Snap shot by Ryan Malone.
13:11 of 1st period - Shot Misses the Net.
13:29 of 1st period - Wrist shot by Mike Johnson.
13:29 of 1st period - Shot Misses the Net.
13:39 of 1st period - Wrist shot by Daniel Sedin.
13:39 of 1st period - Goal by Daniel Sedin - Canucks : 0 - Sharks : 1.
13:40 of 1st period - Henrik Sedin wins face-off versus Matt Stajan in neutral zone.
13:55 of 1st period - Snap shot by Daniel Sedin.
13:55 of 1st period - Stopped by Mike McKenna without a rebound.
13:56 of 1st period - Henrik Sedin wins face-off versus Jiri Hudler in Canucks zone.
13:57 of 1st period - Wrist shot by Daniel Sedin.
13:57 of 1st period - Goal by Daniel Sedin - Canucks : 0 - Sharks : 2.
13:58 of 1st period - Henrik Sedin wins face-off versus Matt Stajan in neutral zone.
14:03 of 1st period - Snap shot by Henrik Sedin.
14:03 of 1st period - Deflect By Daniel Sedin.
14:03 of 1st period - Stopped by Mike McKenna without a rebound.
14:04 of 1st period - Henrik Sedin wins face-off versus Matt Stajan in Canucks zone.
14:05 of 1st period - Slapshot by Daniel Sedin.
14:05 of 1st period - Shot Blocked by Derian Hatcher.
14:07 of 1st period - Snap shot by Georges Laraque.
14:07 of 1st period - Stopped by Mike McKenna with a rebound.
14:09 of 1st period - Wrist shot by Henrik Sedin.
14:09 of 1st period - Shot Blocked by Clarke MacArthur.
14:11 of 1st period - Slapshot by Joni Pitkanen.
14:11 of 1st period - Stopped by Mike McKenna without a rebound.
14:12 of 1st period - Georges Laraque wins face-off versus Matt Stajan in Canucks zone.
14:16 of 1st period - Minor Penalty to Henrik Sedin for Holding.
14:17 of 1st period - Matt Stajan wins face-off versus Bates Battaglia in Sharks zone.
14:20 of 1st period - Slapshot by Clarke MacArthur.
14:20 of 1st period - Stopped by Martin Biron without a rebound.
14:21 of 1st period - Bates Battaglia wins face-off versus Matt Stajan in Sharks zone.
14:21 of 1st period - Bates Battaglia is hit by Matt Stajan.
15:42 of 1st period - Icing by Jiri Hudler.
15:43 of 1st period - Chris Higgins wins face-off versus Adam Mair in Canucks zone.
16:16 of 1st period - Penalty to Henrik Sedin is over, Henrik Sedin is back on ice.
17:13 of 1st period - Slapshot by Vitaly Vishnevsky.
17:13 of 1st period - Stopped by Mike McKenna with a rebound.
17:15 of 1st period - Backhand shot by Vitaly Vishnevsky.
17:15 of 1st period - Stopped by Mike McKenna with a rebound.
17:17 of 1st period - Snap shot by Vitaly Vishnevsky.
17:17 of 1st period - Deflect By Daniel Sedin.
17:17 of 1st period - Shot Misses the Net.
17:17 of 1st period - Puck is out of play.
17:18 of 1st period - Henrik Sedin wins face-off versus Rickard Wallin in Canucks zone.
18:26 of 1st period - Wrist shot by Mike Fisher.
18:26 of 1st period - Goal by Mike Fisher - Canucks : 0 - Sharks : 3.
18:27 of 1st period - Matt Stajan wins face-off versus Henrik Sedin in neutral zone.
18:41 of 1st period - Icing by Derian Hatcher.
18:42 of 1st period - Mikko Koivu wins face-off versus Matt Stajan in Canucks zone.
19:26 of 1st period - Icing by Kurtis Foster.
19:27 of 1st period - Mike Fisher wins face-off versus Matt Stajan in Canucks zone.
19:30 of 1st period - Snap shot by Ryan Malone.
19:30 of 1st period - Shot Blocked by Clarke MacArthur.
19:56 of 1st period - Daniel Sedin is hit by Kurtis Foster and loses puck.
2nd period
0:01 of 2nd period - Henrik Sedin wins face-off versus Matt Stajan in neutral zone.
0:28 of 2nd period - Derian Hatcher is hit by Joni Pitkanen and loses puck.
0:34 of 2nd period - Minor Penalty to Derian Hatcher for Hooking.
0:35 of 2nd period - Clarke MacArthur wins face-off versus Henrik Sedin in Canucks zone.
0:44 of 2nd period - Wrist shot by Joni Pitkanen.
0:44 of 2nd period - Stopped by Mike McKenna without a rebound.
0:45 of 2nd period - Clarke MacArthur wins face-off versus Daniel Sedin in Canucks zone.
2:34 of 2nd period - Penalty to Derian Hatcher is over, Derian Hatcher is back on ice.
2:53 of 2nd period - Off-side.
2:54 of 2nd period - Adam Mair wins face-off versus Jiri Hudler in neutral zone.
3:03 of 2nd period - Snap shot by Sheldon Keefe.
3:03 of 2nd period - Shot Misses the Net.
3:05 of 2nd period - Snap shot by Jiri Hudler.
3:05 of 2nd period - Goal by Jiri Hudler - Canucks : 1 - Sharks : 3.
3:06 of 2nd period - Jiri Hudler wins face-off versus Mikko Koivu in neutral zone.
3:11 of 2nd period - Snap shot by Sheldon Keefe.
3:11 of 2nd period - Stopped by Martin Biron without a rebound.
3:12 of 2nd period - Milan Hejduk wins face-off versus Jiri Hudler in Sharks zone.
3:12 of 2nd period - Milan Hejduk is hit by Chris Higgins.
3:38 of 2nd period - Snap shot by Mark Streit.
3:38 of 2nd period - Deflect By Ryan Malone.
3:38 of 2nd period - Stopped by Martin Biron with a rebound.
3:43 of 2nd period - Minor Penalty to Derian Hatcher for Tripping.
3:44 of 2nd period - Clarke MacArthur wins face-off versus Georges Laraque in Canucks zone.
5:06 of 2nd period - Wrist shot by Jiri Hudler.
5:06 of 2nd period - Goal by Jiri Hudler - Canucks : 2 - Sharks : 3.
5:07 of 2nd period - Clarke MacArthur wins face-off versus Henrik Sedin in neutral zone.
5:11 of 2nd period - Mark Streit is hit by Joni Pitkanen and loses puck.
5:43 of 2nd period - Penalty to Derian Hatcher is over, Derian Hatcher is back on ice.
5:56 of 2nd period - Snap shot by Jiri Hudler.
5:56 of 2nd period - Deflect By Radim Vrbata.
5:56 of 2nd period - Shot Misses the Net.
5:56 of 2nd period - Puck is out of play.
5:57 of 2nd period - Jiri Hudler wins face-off versus Henrik Sedin in Sharks zone.
5:58 of 2nd period - Wrist shot by Sheldon Keefe.
5:58 of 2nd period - Shot Misses the Net.
6:06 of 2nd period - Slapshot by Jiri Hudler.
6:06 of 2nd period - Stopped by Martin Biron without a rebound.
6:07 of 2nd period - Henrik Sedin wins face-off versus Jiri Hudler in Sharks zone.
6:12 of 2nd period - Snap shot by Georges Laraque.
6:12 of 2nd period - Shot Misses the Net.
6:42 of 2nd period - Wrist shot by Jiri Hudler.
6:42 of 2nd period - Shot Misses the Net.
6:44 of 2nd period - Snap shot by Chris Higgins.
6:44 of 2nd period - Stopped by Martin Biron without a rebound.
6:45 of 2nd period - Matt Stajan wins face-off versus Mikko Koivu in Sharks zone.
7:00 of 2nd period - Snap shot by Matt Stajan.
7:00 of 2nd period - Shot Misses the Net.
7:40 of 2nd period - Vitaly Vishnevsky is hit by Derian Hatcher and loses puck.
8:26 of 2nd period - Backhand shot by Daniel Paille.
8:26 of 2nd period - Stopped by Martin Biron without a rebound.
8:27 of 2nd period - Jiri Hudler wins face-off versus Mikko Koivu in Sharks zone.
8:30 of 2nd period - Snap shot by Kurtis Foster.
8:30 of 2nd period - Shot Misses the Net.
8:40 of 2nd period - Slapshot by Jiri Hudler.
8:40 of 2nd period - Stopped by Martin Biron with a rebound.
8:42 of 2nd period - Wrist shot by Jiri Hudler.
8:42 of 2nd period - Stopped by Martin Biron with a rebound.
8:52 of 2nd period - Clarke MacArthur is hit by Henrik Sedin and loses puck.
9:09 of 2nd period - Snap shot by Mike Fisher.
9:09 of 2nd period - Stopped by Mike McKenna with a rebound.
9:35 of 2nd period - Wrist shot by Chris Higgins.
9:35 of 2nd period - Deflect By Jiri Hudler.
9:35 of 2nd period - Stopped by Martin Biron without a rebound.
9:36 of 2nd period - Jiri Hudler wins face-off versus Henrik Sedin in Sharks zone.
10:01 of 2nd period - Vitaly Vishnevsky is hit by David Jones and loses puck.
10:59 of 2nd period - Daniel Sedin is hit by David Jones and loses puck.
11:16 of 2nd period - Slapshot by Joni Pitkanen.
11:16 of 2nd period - Goal by Joni Pitkanen - Canucks : 2 - Sharks : 4.
11:16 of 2nd period - Antero Niittymaki enters game.
11:17 of 2nd period - Henrik Sedin wins face-off versus Matt Stajan in neutral zone.
11:27 of 2nd period - Georges Laraque and Mark Streit fight to a draw.
11:27 of 2nd period - Penalty to Georges Laraque for Fighting.
11:27 of 2nd period - Penalty to Mark Streit for Fighting.
11:28 of 2nd period - Henrik Sedin wins face-off versus Matt Stajan in Canucks zone.
11:31 of 2nd period - Snap shot by Henrik Sedin.
11:31 of 2nd period - Shot Misses the Net.
11:33 of 2nd period - Backhand shot by Joni Pitkanen.
11:33 of 2nd period - Shot Hit the Post.
11:35 of 2nd period - Snap shot by Henrik Sedin.
11:35 of 2nd period - Stopped by Antero Niittymaki with a rebound.
11:37 of 2nd period - Slapshot by Joni Pitkanen.
11:37 of 2nd period - Goal by Joni Pitkanen - Canucks : 2 - Sharks : 5.
11:38 of 2nd period - Henrik Sedin wins face-off versus Matt Stajan in neutral zone.
12:22 of 2nd period - Snap shot by Mike Fisher.
12:22 of 2nd period - Shot Misses the Net.
12:28 of 2nd period - Tomas Fleischmann is hit by Rickard Wallin and loses puck.
12:53 of 2nd period - Snap shot by Daniel Sedin.
12:53 of 2nd period - Shot Hit the Post.
12:55 of 2nd period - Snap shot by Henrik Sedin.
12:55 of 2nd period - Deflect By Kurtis Foster.
12:55 of 2nd period - Stopped by Antero Niittymaki without a rebound.
12:56 of 2nd period - Mikko Koivu wins face-off versus Jiri Hudler in Canucks zone.
12:59 of 2nd period - Wrist shot by Mikko Koivu.
12:59 of 2nd period - Stopped by Antero Niittymaki with a rebound.
13:45 of 2nd period - David Jones is hit by Robyn Regehr and loses puck.
13:50 of 2nd period - Slapshot by Adam Mair.
13:50 of 2nd period - Shot Hit the Post.
13:52 of 2nd period - Snap shot by Mike Johnson.
13:52 of 2nd period - Deflect By Adam Mair.
13:52 of 2nd period - Stopped by Antero Niittymaki without a rebound.
13:53 of 2nd period - Matt Stajan wins face-off versus Milan Hejduk in Canucks zone.
14:02 of 2nd period - Derian Hatcher is hit by Ryan Malone.
14:03 of 2nd period - Icing by Derian Hatcher.
14:04 of 2nd period - Henrik Sedin wins face-off versus Matt Stajan in Canucks zone.
14:08 of 2nd period - Icing by Matt Stajan.
14:09 of 2nd period - Matt Stajan wins face-off versus Henrik Sedin in Canucks zone.
14:58 of 2nd period - Wrist shot by Sheldon Keefe.
14:58 of 2nd period - Shot Misses the Net.
15:00 of 2nd period - Slapshot by Derian Hatcher.
15:00 of 2nd period - Stopped by Martin Biron with a rebound.
15:02 of 2nd period - Wrist shot by Chris Higgins.
15:02 of 2nd period - Goal by Chris Higgins - Canucks : 3 - Sharks : 5.
15:03 of 2nd period - Jiri Hudler wins face-off versus Henrik Sedin in neutral zone.
15:29 of 2nd period - Joni Pitkanen is hit by Adam Burish and loses puck.
15:35 of 2nd period - Off-side.
15:36 of 2nd period - Rickard Wallin wins face-off versus Mikko Koivu in neutral zone.
15:39 of 2nd period - Snap shot by Daniel Paille.
15:39 of 2nd period - Stopped by Martin Biron with a rebound.
16:07 of 2nd period - Snap shot by Ryan Malone.
16:07 of 2nd period - Stopped by Antero Niittymaki with a rebound.
16:37 of 2nd period - Snap shot by Adam Burish.
16:37 of 2nd period - Stopped by Martin Biron without a rebound.
16:38 of 2nd period - Matt Stajan wins face-off versus Henrik Sedin in Sharks zone.
16:39 of 2nd period - Wrist shot by Clarke MacArthur.
16:39 of 2nd period - Stopped by Martin Biron without a rebound.
16:40 of 2nd period - Henrik Sedin wins face-off versus Matt Stajan in Sharks zone.
16:51 of 2nd period - Snap shot by Henrik Sedin.
16:51 of 2nd period - Stopped by Antero Niittymaki with a rebound.
16:53 of 2nd period - Snap shot by Daniel Sedin.
16:53 of 2nd period - Shot Misses the Net.
16:55 of 2nd period - Wrist shot by Daniel Sedin.
16:55 of 2nd period - Shot Misses the Net.
17:38 of 2nd period - Slapshot by Daniel Sedin.
17:38 of 2nd period - Shot Misses the Net.
17:40 of 2nd period - Slapshot by Daniel Sedin.
17:40 of 2nd period - Stopped by Antero Niittymaki without a rebound.
17:41 of 2nd period - Rickard Wallin wins face-off versus Henrik Sedin in Canucks zone.
17:41 of 2nd period - Rickard Wallin is hit by Georges Laraque.
18:07 of 2nd period - Minor Penalty to Ryan Malone for High sticking.
18:08 of 2nd period - Henrik Sedin wins face-off versus Matt Stajan in Sharks zone.
18:19 of 2nd period - Slapshot by Derian Hatcher.
18:19 of 2nd period - Stopped by Martin Biron with a rebound.
18:21 of 2nd period - Slapshot by Derian Hatcher.
18:21 of 2nd period - Shot Misses the Net.
3rd period
0:01 of 3rd period - Matt Stajan wins face-off versus Henrik Sedin in neutral zone.
0:07 of 3rd period - Penalty to Ryan Malone is over, Ryan Malone is back on ice.
0:30 of 3rd period - Sheldon Keefe is hit by Mike Komisarek and loses puck.
0:45 of 3rd period - Snap shot by Rickard Wallin.
0:45 of 3rd period - Shot Misses the Net.
0:51 of 3rd period - Snap shot by Rickard Wallin.
0:51 of 3rd period - Stopped by Martin Biron without a rebound.
0:52 of 3rd period - Henrik Sedin wins face-off versus Rickard Wallin in Sharks zone.
1:05 of 3rd period - Vitaly Vishnevsky is hit by Rickard Wallin and loses puck.
1:12 of 3rd period - Snap shot by Adam Burish.
1:12 of 3rd period - Stopped by Martin Biron with a rebound.
1:20 of 3rd period - Wrist shot by Rickard Wallin.
1:20 of 3rd period - Shot Blocked by Vitaly Vishnevsky.
1:22 of 3rd period - Snap shot by Rickard Wallin.
1:22 of 3rd period - Stopped by Martin Biron with a rebound.
1:24 of 3rd period - Slapshot by Chris Campoli.
1:24 of 3rd period - Shot Blocked by Daniel Sedin.
1:26 of 3rd period - Wrist shot by Daniel Paille.
1:26 of 3rd period - Goal by Daniel Paille - Canucks : 4 - Sharks : 5.
1:27 of 3rd period - Matt Stajan wins face-off versus Mikko Koivu in neutral zone.
1:42 of 3rd period - Wrist shot by Mikko Koivu.
1:42 of 3rd period - Shot Misses the Net.
2:03 of 3rd period - Dan Girardi is hit by Mark Streit and loses puck.
2:05 of 3rd period - Minor Penalty to Henrik Sedin for High sticking.
2:06 of 3rd period - Bates Battaglia wins face-off versus Matt Stajan in Sharks zone.
2:21 of 3rd period - Snap shot by Matt Stajan.
2:21 of 3rd period - Shot Misses the Net.
3:04 of 3rd period - Slapshot by Mike Fisher.
3:04 of 3rd period - Stopped by Antero Niittymaki without a rebound.
3:05 of 3rd period - Mike Fisher wins face-off versus Jiri Hudler in Canucks zone.
4:05 of 3rd period - Penalty to Henrik Sedin is over, Henrik Sedin is back on ice.
4:07 of 3rd period - Daniel Sedin is hit by David Jones and loses puck.
4:19 of 3rd period - Kurtis Foster is hit by Robyn Regehr and loses puck.
4:41 of 3rd period - Jiri Hudler is hit by Adam Mair and loses puck.
5:08 of 3rd period - Snap shot by Daniel Sedin.
5:08 of 3rd period - Shot Blocked by Kurtis Foster.
5:10 of 3rd period - Slapshot by Vitaly Vishnevsky.
5:10 of 3rd period - Shot Misses the Net.
5:12 of 3rd period - Slapshot by Robyn Regehr.
5:12 of 3rd period - Shot Blocked by Kurtis Foster.
5:14 of 3rd period - Slapshot by Henrik Sedin.
5:14 of 3rd period - Shot Misses the Net.
5:16 of 3rd period - Snap shot by Daniel Sedin.
5:16 of 3rd period - Deflect By Kurtis Foster.
5:16 of 3rd period - Shot Blocked by Joe Callahan.
5:16 of 3rd period - Puck is out of play.
5:17 of 3rd period - Rickard Wallin wins face-off versus Mikko Koivu in Canucks zone.
5:42 of 3rd period - Joni Pitkanen is hit by Jiri Hudler and loses puck.
6:02 of 3rd period - Snap shot by David Jones.
6:02 of 3rd period - Shot Misses the Net.
6:08 of 3rd period - Jeff Woywitka is hit by Mike Fisher.
6:16 of 3rd period - Wrist shot by Mike Fisher.
6:16 of 3rd period - Stopped by Antero Niittymaki with a rebound.
6:18 of 3rd period - Snap shot by Tomas Fleischmann.
6:18 of 3rd period - Shot Blocked by Clarke MacArthur.
6:22 of 3rd period - Wrist shot by Radim Vrbata.
6:22 of 3rd period - Shot Misses the Net.
6:24 of 3rd period - Slapshot by Dan Girardi.
6:24 of 3rd period - Shot Blocked by Jeff Woywitka.
6:26 of 3rd period - Snap shot by David Hale.
6:26 of 3rd period - Shot Misses the Net.
6:28 of 3rd period - Slapshot by Dan Girardi.
6:28 of 3rd period - Deflect By David Jones.
6:28 of 3rd period - Stopped by Antero Niittymaki without a rebound.
6:29 of 3rd period - Jiri Hudler wins face-off versus Mikko Koivu in Canucks zone.
6:54 of 3rd period - Dan Girardi is hit by Adam Burish.
7:12 of 3rd period - Snap shot by Ryan Malone.
7:12 of 3rd period - Stopped by Antero Niittymaki without a rebound.
7:13 of 3rd period - Adam Mair wins face-off versus Matt Stajan in Canucks zone.
7:19 of 3rd period - Icing by Kurtis Foster.
7:20 of 3rd period - Matt Stajan wins face-off versus Mike Johnson in Canucks zone.
7:29 of 3rd period - Backhand shot by Clarke MacArthur.
7:29 of 3rd period - Stopped by Martin Biron without a rebound.
7:30 of 3rd period - Matt Stajan wins face-off versus Henrik Sedin in Sharks zone.
7:32 of 3rd period - Minor Penalty to Joni Pitkanen for Hooking.
7:33 of 3rd period - Henrik Sedin wins face-off versus Clarke MacArthur in Sharks zone.
7:59 of 3rd period - Jiri Hudler is hit by Mike Fisher and loses puck.
8:05 of 3rd period - Off-side.
8:06 of 3rd period - Henrik Sedin wins face-off versus Matt Stajan in neutral zone.
8:17 of 3rd period - Vitaly Vishnevsky is hit by Clarke MacArthur and loses puck.
8:40 of 3rd period - Slapshot by Joe Callahan.
8:40 of 3rd period - Stopped by Martin Biron without a rebound.
8:41 of 3rd period - Matt Stajan wins face-off versus Mike Fisher in Sharks zone.
8:49 of 3rd period - Off-side.
8:50 of 3rd period - Henrik Sedin wins face-off versus Matt Stajan in neutral zone.
9:05 of 3rd period - Wrist shot by Clarke MacArthur.
9:05 of 3rd period - Shot Misses the Net.
9:07 of 3rd period - Slapshot by Derian Hatcher.
9:07 of 3rd period - Shot Misses the Net.
9:09 of 3rd period - Snap shot by Derian Hatcher.
9:09 of 3rd period - Shot Blocked by David Hale.
9:11 of 3rd period - Slapshot by Mark Streit.
9:11 of 3rd period - Deflect By Clarke MacArthur.
9:11 of 3rd period - Stopped by Martin Biron without a rebound.
9:12 of 3rd period - Jiri Hudler wins face-off versus Henrik Sedin in Sharks zone.
9:32 of 3rd period - Penalty to Joni Pitkanen is over, Joni Pitkanen is back on ice.
9:46 of 3rd period - Snap shot by Matt Stajan.
9:46 of 3rd period - Shot Misses the Net.
10:04 of 3rd period - Backhand shot by Joe Callahan.
10:04 of 3rd period - Stopped by Martin Biron with a rebound.
11:12 of 3rd period - Daniel Paille is hit by Ryan Malone.
11:42 of 3rd period - Snap shot by Adam Mair.
11:42 of 3rd period - Shot Misses the Net.
11:44 of 3rd period - Slapshot by Vitaly Vishnevsky.
11:44 of 3rd period - Deflect By Bates Battaglia.
11:44 of 3rd period - Shot Misses the Net.
11:44 of 3rd period - Puck is out of play.
11:45 of 3rd period - Adam Mair wins face-off versus Matt Stajan in Canucks zone.
12:14 of 3rd period - Snap shot by Adam Mair.
12:14 of 3rd period - Shot Blocked by Derian Hatcher.
12:26 of 3rd period - Snap shot by Adam Mair.
12:26 of 3rd period - Shot Misses the Net.
12:28 of 3rd period - Wrist shot by Bates Battaglia.
12:28 of 3rd period - Goal by Bates Battaglia - Canucks : 4 - Sharks : 6.
12:29 of 3rd period - Henrik Sedin wins face-off versus Jiri Hudler in neutral zone.
12:29 of 3rd period - Minor Penalty to Jiri Hudler for Hooking.
12:30 of 3rd period - Henrik Sedin wins face-off versus Clarke MacArthur in Canucks zone.
12:41 of 3rd period - Snap shot by Dan Girardi.
12:41 of 3rd period - Stopped by Antero Niittymaki without a rebound.
12:42 of 3rd period - Clarke MacArthur wins face-off versus Henrik Sedin in Canucks zone.
14:19 of 3rd period - Erik Christensen is hit by Georges Laraque and loses puck.
14:29 of 3rd period - Penalty to Jiri Hudler is over, Jiri Hudler is back on ice.
15:04 of 3rd period - Snap shot by Clarke MacArthur.
15:04 of 3rd period - Stopped by Martin Biron without a rebound.
15:05 of 3rd period - Rickard Wallin wins face-off versus Mike Fisher in Sharks zone.
15:14 of 3rd period - Snap shot by Radim Vrbata.
15:14 of 3rd period - Shot Misses the Net.
15:57 of 3rd period - Minor Penalty to Chris Higgins for Holding.
15:58 of 3rd period - Henrik Sedin wins face-off versus Clarke MacArthur in Canucks zone.
17:57 of 3rd period - Penalty to Chris Higgins is over, Chris Higgins is back on ice.
18:12 of 3rd period - Snap shot by Daniel Paille.
18:12 of 3rd period - Deflect By Dan Girardi.
18:12 of 3rd period - Goal by Daniel Paille - Canucks : 5 - Sharks : 6.
18:13 of 3rd period - Mike Fisher wins face-off versus Jiri Hudler in neutral zone.
19:05 of 3rd period - Canucks, Antero Niittymaki is pulled from the net.
19:20 of 3rd period - Slapshot by Radim Vrbata.
19:20 of 3rd period - Deflect By Mike Fisher.
19:20 of 3rd period - Shot Misses the Net.
19:20 of 3rd period - Puck is out of play.
19:21 of 3rd period - Bryan Murray call a timeout for Canucks.
19:21 of 3rd period - Antero Niittymaki from Canucks was sent back in the game.
19:21 of 3rd period - Henrik Sedin wins face-off versus Matt Stajan in Canucks zone.
19:40 of 3rd period - Canucks, Antero Niittymaki is pulled from the net.
Output by the SimonT Hockey Simulator (STHS) for François Prévost -- Original Page W3C XHTML 1.0 Valid